 Dungeon Crawl Stone Soup version 0.30-b1-2-g02819fbbbe (webtiles) character file.

Game seed: 2283772511690204323

915 Arcadio the Trooper (level 7, -3/66 HPs)
             Began as a Minotaur Fighter on May 13, 2023.
             Was a Follower of Uskayaw.
             Slain by an orc wizard
             ... wielding a +0 dagger of electrocution
              (20 damage)
             ... on level 5 of the Dungeon.
             The game lasted 00:06:06 (4555 turns).

Arcadio the Trooper (Minotaur Fighter)              Turns: 4555, Time: 00:06:07

Health: -3/66      AC: 13    Str: 23    XL:     7   Next: 82%
Magic:  6/6        EV:  8    Int:  5    God:    Uskayaw [*.....]
Gold:   313        SH:  4    Dex:  9    Spells: 6/6 levels left

rFire   . . .        a - +0 war axe
rCold   + . .        c - +0 buckler
rNeg    . . .        w - +0 chain mail
rPois   .            (helmet restricted)
rElec   .            t - +0 cloak
rCorr   .            (no gloves)
SInv    .            k - +0 pair of boots
Will    .....        (no amulet) Stlth
                     o - ring of protection from cold
HPRegen 0.31/turn    (no ring)
MPRegen 0.10/turn

%: no passive effects
@: no status effects
A: horns 2, retaliatory headbutt
a: Renounce Religion, Stomp


You were on level 5 of the Dungeon.
You worshipped Uskayaw.
Uskayaw was noncommittal.
You visited 2 branches of the dungeon, and saw 6 of its levels.

You collected 313 gold pieces.

Inventory:

Hand Weapons
 a - a +0 war axe (weapon)
 q - a +2 flail of draining
Armour
 b - a +0 scale mail
 c - a +0 buckler (worn)
 e - a +0 tower shield
 k - a +0 pair of boots (worn)
 t - a +0 cloak (worn)
 w - a +0 chain mail (worn)
Jewellery
 o - a ring of protection from cold (left hand)
Wands
 i - a wand of light (2)
 s - a wand of flame (22)
Scrolls
 f - a scroll of enchant armour {unknown}
 g - 5 scrolls of teleportation
 l - 2 scrolls of blinking
 m - 2 scrolls of fog
 u - a scroll of brand weapon {unknown}
 v - a scroll of amnesia {unknown}
 y - a scroll of poison {unknown}
 A - a scroll of enchant weapon {unknown}
Potions
 d - a potion of might
 h - a potion of ambrosia {unknown}
 j - 4 potions of curing
 n - a potion of haste
 p - a potion of cancellation
 r - a potion of magic {unknown}
 x - a potion of degeneration {unknown}
 z - a potion of heal wounds {unknown}


   Skills:
 + Level 7.2 Fighting
 + Level 6.5 Axes
 + Level 7.2 Armour
 - Level 3.6 Shields


You had 6 spell levels left.
You didn't know any spells.
Your spell library contained the following spells:

 Spells                   Type           Power      Damage    Failure   Level
 Lesser Beckoning         Tloc           0%         N/A       99%         2
 Gell's Gravitas          Tloc           0%         N/A       100%        3
 Ozocubu's Armour         Ice            0%         N/A       100%        3
 Teleport Other           Tloc           0%         N/A       100%        3
 Metabolic Englaciation   Hex/Ice        0%         N/A       100%        5
 Simulacrum               Ice/Necr       0%         N/A       100%        6


Dungeon Overview and Level Annotations

Branches:
Dungeon (5/15) Zot: 25805  Temple (1/1) D:4 Zot: 5554

Altars:
Cheibriados
Elyvilon
Hepliaklqana
Makhleb
Nemelex Xobeh
Qazlal
Ru
Uskayaw
Vehumet
Wu Jian
Yredelemnul
The Shining One

Annotations:
D:1 1 exclusion


Innate Abilities, Weirdness & Mutations

You have a pair of horns on your head.
You reflexively headbutt those who attack you in melee.


Message History

There is an open door here.
You now have 313 gold pieces (gained 18).
As you open the door, it creaks loudly!
An orc, an orc wizard and an orc priest come into view.
The orc wizard is wielding a +0 dagger of electrocution.
The orc shouts!
The orc wizard shouts!
The orc priest shouts!
The orc wizard casts a spell.
The orc wizard flickers and vanishes!
Deactivating autopickup; reactivate with Ctrl-A.
The orc priest looks satisfied for a moment.
There is an open door here.
You slash the orc!
You kill the orc!
Something hits you but does no damage.
You are electrocuted!
You miss something.
You hear some strange, mumbled words.
A magic dart appears from out of thin air!
The magic dart hits you.
You completely miss something. Something hits you but does no damage.
You barely miss something. Something hits you but does no damage.
You barely miss something.
You hear some strange, mumbled words.
A magic dart appears from out of thin air!
The magic dart hits you but does no damage.
The orc priest begins to cast a cantrip, but forgets the words!
You miss something. Something hits you but does no damage.
You are electrocuted!
The orc priest calls down the wrath of Beogh upon you.
Beogh smites you!
You closely miss something. You block something's attack.
You hear some strange, mumbled words.
A puff of flame appears from out of thin air!
The puff of flame hits you.
You miss something. Something hits you but does no damage.
You barely miss something. Something completely misses you.
You closely miss something. Your headbutt misses something. Something hits you.
You are electrocuted!!
* * * LOW HITPOINT WARNING * * *
You feel better. Something hits you but does no damage.
You are electrocuted!!
You die...

#....... #.....#
######## #.....# #.....#
#.....# #.....# #.....#
########.....###########
.....o{@.....'..........
########.....###########
#.....# #######


You could see an orc priest.

Vanquished Creatures
  A black bear (D:5)
  A phantom (D:4)
  2 scorpions
  A jelly (D:5)
  3 orc priests
  Crazy Yiuf (D:3)
  Jessica (D:2)
  Ijyb (D:3)
  2 iguanas
  4 orc wizards (D:5)
  Robin (D:3)
  7 gnolls (D:5)
  5 adders
  An ufetubus (D:4)
  A worm (D:3)
  A dart slug (D:2)
  18 orcs
  6 ball pythons
  15 endoplasms
  4 giant cockroaches
  17 goblins
  8 hobgoblins
  6 jackals (D:1)
  13 kobolds
  3 quokkas
  4 bats
  8 frilled lizards (D:1)
  3 rats
138 creatures vanquished.

Notes
Turn   | Place    | Note
-------+----------+-------------------------------------------
     0 | D:1      | Arcadio the Minotaur Fighter began the quest for the Orb.
     0 | D:1      | Reached XP level 1. HP: 19/19 MP: 0/0
     3 | D:1      | Found a faded altar of an unknown god.
   153 | D:1      | Reached XP level 2. HP: 22/26 MP: 1/1
   444 | D:1      | Reached XP level 3. HP: 33/33 MP: 2/2
   959 | D:2      | Noticed Jessica
   961 | D:2      | Killed Jessica
  1029 | D:2      | Reached XP level 4. HP: 37/41 MP: 3/3
  1737 | D:3      | Noticed Ijyb
  1740 | D:3      | Killed Ijyb
  1849 | D:3      | Reached skill level 5 in Fighting
  1878 | D:3      | Reached XP level 5. HP: 46/48 MP: 4/4
  1880 | D:3      | Reached skill level 5 in Armour
  1898 | D:3      | Noticed Robin
  1913 | D:3      | Killed Robin
  2211 | D:3      | Found a runed translucent door.
  2212 | D:3      | Noticed Crazy Yiuf
  2222 | D:3      | Killed Crazy Yiuf
  2441 | D:3      | Found a hazy altar of Hepliaklqana.
  2636 | D:4      | Reached XP level 6. HP: 44/57 MP: 5/5
  2974 | D:4      | Found a staircase to the Ecumenical Temple.
  2985 | D:4      | Reached skill level 5 in Axes
  2990 | Temple   | Entered the Ecumenical Temple
  3386 | Temple   | Became a worshipper of Uskayaw the Reveller
  3477 | D:4      | Found a snail-covered altar of Cheibriados.
  3722 | D:4      | Found a burning altar of Makhleb.
  3835 | D:5      | Entered Level 5 of the Dungeon
  3859 | D:5      | Reached * piety under Uskayaw
  3929 | D:5      | Reached ** piety under Uskayaw
  3930 | D:5      | Reached XP level 7. HP: 58/64 MP: 6/6
  3931 | D:5      | Reached *** piety under Uskayaw
  3933 | D:5      | Reached **** piety under Uskayaw
  4102 | D:5      | Reached ***** piety under Uskayaw
  4555 | D:5      | Slain by an orc wizard

Illustrated notes

Levels and vault maps discovered:
D:1:      minmay_arrival_checkered_box, layout_basic,
          ebering_ecumenical_altar_abandoned, minmay_lizard_pond
D:2:      layout_loops_corners, uniq_jessica
D:3:      layout_loops_cross, worldfamousw_hep_ancestral_shrine, uniq_robin,
          uniq_ijyb, uniq_crazy_yiuf_cottage
D:4:      layout_basic, lemuel_coloured_pillars_altar,
          mainiacjoe_overflow_small_starburst, minmay_temple_entry_proselytizer
D:5:      layout_basic
Temple:   minmay_temple_forest_path

Skill      XL: |  1  2  3  4  5  6  7 |
---------------+----------------------+-----
Armour         | 4 5 6 7 |  7.2
Fighting       | 4 5 6 7 |  7.2
Axes           | 3 4 5 6 |  6.5
Shields        | |  3.6

Action                     |  1- 3 |  4- 6 |  7- 9 || total
---------------------------+-------+-------+-------++-------
  Melee: War axe           |    77 |   134 |    57 ||   268
         Headbutt          |     6 |    18 |     5 ||    29
  Evoke: Wand              |       |     2 |       ||     2
    Use: Scroll            |       |     5 |     1 ||     6
         Potion            |       |       |     1 ||     1
   Stab: Invisible         |       |     2 |       ||     2
         Paralysed         |       |       |     3 ||     3
 Armour: Scale mail        |    44 |    63 |       ||   107
         Chain mail        |       |    12 |    34 ||    46
  Dodge: Dodged            |    45 |    76 |    21 ||   142
  Block: Buckler           |    15 |    41 |    10 ||    66
